 Dungeon Crawl Stone Soup version 0.28.0 (webtiles) character file.

Game seed: 9289740500808101094

42 Jerry the Covered (level 3, -2/31 HPs)
             Began as a Demigod Fighter on Feb 9, 2022.
             Slain by a goblin (3 damage)
             ... on level 2 of the Dungeon.
             The game lasted 00:02:24 (1615 turns).

Jerry the Covered (Demigod Fighter)                 Turns: 1615, Time: 00:02:26

Health: -2/31      AC:  6    Str: 21    XL:     3   Next: 19%
Magic:  5/5        EV:  9    Int: 10    God:
Gold:   22         SH:  4    Dex: 13    Spells: 2/2 levels left

rFire   . . .      SeeInvis .   j - +0 mace (drain)
rCold   . . .      Faith    .   c - +0 buckler
rNeg    . . .      Spirit   .   b - +0 scale mail
rPois   .          Reflect  .   (no helmet)
rElec   .          Harm     .   (no cloak)
rCorr   +          Rampage  .   (no gloves)
Will    .....                   (no boots)
Stlth   ..........              (no amulet)
HPRegen 0.10/turn               e - ring of resist corrosion
MPRegen 0.09/turn               (no ring)

@: mighty
A: high MP 1, forlorn, divine attributes
a: no special abilities


You were on level 2 of the Dungeon.
You visited 1 branch of the dungeon, and saw 2 of its levels.

You collected 22 gold pieces.

Inventory:

Hand Weapons
 a - a +0 flail
 j - a +0 mace of draining (weapon)
Armour
 b - a +0 scale mail (worn)
 c - a +0 buckler (worn)
 f - a +2 plate armour of cold resistance
 i - an orb of guile
Jewellery
 e - a ring of resist corrosion (left hand)
Scrolls
 g - a scroll of identify
Potions
 h - a potion of attraction


   Skills:
 + Level 3.1 Fighting
 + Level 2.3 Maces & Flails
 + Level 3.1 Armour
 + Level 3.1 Shields


You had 2 spell levels left.
You didn't know any spells.
Your spell library was empty.

Dungeon Overview and Level Annotations

Branches:
Dungeon (2/15)

Annotations:
D:2 Natasha


Innate Abilities, Weirdness & Mutations

You have an increased reservoir of magic. (+10% MP)
You shall have no god before yourself.
Your divine heritage dramatically boosts your attributes as you level up.


Message History

You hit the rat.
You kill the rat!
You miss the goblin.
Natasha casts a spell.
The goblin misses you.
You hit Natasha but do no damage. You drain Natasha.
Natasha is lightly wounded.
The goblin hits you with a +0 club. The rat bites you but does no damage.
Natasha claws you. You block the white imp's attack.
The goblin hits you but does no damage.
You hit Natasha.
Natasha is heavily wounded.
The rat twitches its whiskers.
The rat bites you. Natasha claws you. The white imp gestures at you.
The puff of frost hits you!
* * * LOW HITPOINT WARNING * * *
The goblin closely misses you.
You feel very mighty all of a sudden. The rat bites you but does no damage.
Natasha casts a spell.
The white imp gestures at you. The puff of frost hits you.
* * * LOW HITPOINT WARNING * * *
The goblin hits you but does no damage.
You closely miss Natasha.
Natasha is heavily wounded.
The rat bites you.
* * * LOW HITPOINT WARNING * * *
Natasha mumbles some strange words.
The white imp hits you but does no damage.
The goblin hits you but does no damage. The rat bites you but does no damage.
Natasha drinks a potion.
Natasha is healed!
You hit Natasha.
Natasha is moderately wounded.
The white imp barely misses you. The goblin closely misses you.
The rat barely misses you. Natasha claws you.
* * * LOW HITPOINT WARNING * * *
The white imp hits you but does no damage.
The goblin hits you with a +0 club.
You die...

..# ... ##.## #...# ###
## #...# ##.## #.#
#...###.#.## #.#
####...##.###.###†####..
.........## ##.#@5......
....)...## ##hgr#.....
.........# #.#g5..#...
####...##.# #.##....# .
#.).# #.#.# #....# #...#
#.# #.#..# #...# #.#
#...... ##.## # .
.....### #.# ## ..


You could see Natasha (drained), a white imp (summoned), a shadow imp
(summoned), 2 goblins and a rat.

Vanquished Creatures
  Jessica (D:2)
  A ball python (D:1)
  A bat (D:1)
  An endoplasm (D:1)
  A giant cockroach (D:1)
  A goblin (D:1)
  4 hobgoblins (D:1)
  A frilled lizard (D:2)
  2 kobolds (D:1)
  2 rats (D:2)
15 creatures vanquished.

Notes
Turn   | Place    | Note
-------+----------+-------------------------------------------
     0 | D:1      | Jerry the Demigod Fighter began the quest for the Orb.
     0 | D:1      | Reached XP level 1. HP: 18/18 MP: 3/3
   824 | D:1      | Reached XP level 2. HP: 7/25 MP: 4/4
  1416 | D:2      | Noticed Jessica
  1428 | D:2      | Killed Jessica
  1429 | D:2      | Reached XP level 3. HP: 14/31 MP: 5/5
  1606 | D:2      | Noticed Natasha
  1615 | D:2      | HP: 1/31 [Natasha (2)]
  1615 | D:2      | Slain by a goblin

Illustrated notes

Levels and vault maps discovered:
D:1:      lightli_arrival_boilingwater, layout_loops_corners,
          hellmonk_ecumenical_altar_prayer_group, minmay_fountain_box
D:2:      layout_loops_cross, serial_shops, nicolae_shop_hallway_plus,
          kennysheep_generic_room_13, uniq_jessica, uniq_natasha

Skill      XL: |  1  2 |
---------------+-------+-----
Maces & Flails | 2 |  2.3
Fighting       | 3 |  3.1
Armour         | 3 |  3.1
Shields        | 3 |  3.1

Action                   || total
-------------------------++-------
Melee: Flail             ||    39
       Mace              ||    18
  Use: Scroll            ||     1
       Potion            ||     1
Armor: Scale mail        ||    39
Dodge: Dodged            ||    26
Block: Buckler           ||    11
